 Dungeon Crawl Stone Soup version 0.28.0-47-ge53b351184 (webtiles) character file.

Game seed: 200916593456785530

24 CryoSword the Gusty (level 3, -3/19 HPs)
             Began as a Tengu Air Elementalist on May 3, 2022.
             Killed from afar by Sigmund (6 damage)
             ... with a magic dart
             ... on level 2 of the Dungeon.
             The game lasted 00:00:59 (934 turns).

CryoSword the Gusty (Tengu Air Elementalist)         Turns: 934, Time: 00:00:59

Health: -3/19      AC:  2    Str:  8    XL:     3   Next: 2%
Magic:  6/7        EV: 12    Int: 17    God:
Gold:   39         SH:  0    Dex: 14    Spells: 3/6 levels left

rFire   . . .      SeeInvis .   (no weapon)
rCold   . . .      Faith    .   (no shield)
rNeg    . . .      Spirit   .   a - +0 robe
rPois   .          Reflect  .   (helmet restricted)
rElec   .          Harm     .   (no cloak)
rCorr   .          Rampage  .   (no gloves)
Will    .....                   (boots unavailable)
Stlth   +.........              (no amulet)
HPRegen 0.06/turn               (no ring)
MPRegen 0.10/turn               (no ring)

@: confused
A: beak, talons 3
a: no special abilities


You were on level 2 of the Dungeon.
You visited 1 branch of the dungeon, and saw 2 of its levels.

You collected 39 gold pieces.

Inventory:

Missiles
 c - 6 datura-tipped darts
Armour
 a - a +0 robe (worn)
Scrolls
 b - a scroll of identify {unknown}
 d - a scroll of immolation {unknown}


   Skills:
 - Level 2.1 Dodging
 - Level 2.0 Stealth
 - Level 2.0 Spellcasting
 + Level 2.8 Conjurations
 + Level 4.8 Air Magic


You had 3 spell levels left.
You knew the following spells:

 Your Spells              Type           Power      Damage    Failure   Level
a - Shock                 Conj/Air       56%        1d6       4%          1
b - Static Discharge      Conj/Air       14%        N/A       6%          2

Your spell library contained the following spells:

 Spells                   Type           Power      Damage    Failure   Level
 Swiftness                Air            18%        N/A       9%          3
 Airstrike                Air            9%         N/A       26%         4


Dungeon Overview and Level Annotations

Branches:
Dungeon (2/15)

Altars:

Annotations:
D:2 Sigmund


Innate Abilities, Weirdness & Mutations

You have a beak for a mouth.
You have claws for feet.


Message History

A dart slug comes into view.
A dart slug is nearby!
A dart slug is nearby!
The zap hits the dart slug. x2
The zap hits the dart slug.
You kill the dart slug!
Found a stone staircase leading down.
A goblin comes into view. It is wielding a +0 club.
A goblin is nearby!
A goblin is nearby!
Aim: a goblin, wielding a +0 club (asleep, 100% to hit)
The zap hits the goblin.
Aim: a goblin, wielding a +0 club (severely wounded, 60% to hit)
The zap hits the goblin.
You kill the goblin!
You see here a +0 club.
A bat comes into view.
A bat is nearby!
A bat is nearby!
A bat is nearby!
Aim: a bat (52% to hit)
The zap hits the bat.
You kill the bat!
Found a hand axe.
You now have 33 gold pieces (gained 16).
c - 6 datura-tipped darts An endoplasm comes into view.
An endoplasm is nearby!
Aim: an endoplasm (asleep, 100% to hit)
The zap hits the endoplasm.
The endoplasm quivers.
Aim: an endoplasm (severely wounded, 97% to hit)
The zap hits the endoplasm.
You kill the endoplasm!
You see here a +0 dagger.
You see here 14 stones.
Key pressed, stopping explore.
A giant cockroach comes into view.
Found a ring mail.
A giant cockroach is nearby!
Aim: a giant cockroach (asleep, 100% to hit)
The zap hits the giant cockroach.
You kill the giant cockroach!
That beam is likely to hit you.
Continue anyway?
Okay, then.
There is a stone staircase leading down here.
You now have 39 gold pieces (gained 6).
Found 23 bolts.
Found a stone staircase leading down.
There is a stone staircase leading down here.
A bat comes into view.
A bat is nearby!
Memorise Static Discharge, consuming 2 spell levels and leaving 2?
You start memorising the spell.
You continue memorising. x2
You finish memorising.
Spell assigned to 'b'.
Aim: a bat (asleep, 100% to hit)
The zap hits the bat.
You kill the bat!
You see here a bat corpse.
There is a stone staircase leading down here.
Found a mace.
A hobgoblin comes into view.
The hobgoblin shouts!
A hobgoblin is nearby!
Aim: a hobgoblin (68% to hit)
The zap hits the hobgoblin.
Aim: a hobgoblin (moderately wounded, 68% to hit)
The zap hits the hobgoblin.
You kill the hobgoblin!
Done exploring.
Done exploring.
Done exploring.
Done exploring.
You see here a +0 club.
There is a stone staircase leading down here.
You climb downwards.
There is a stone staircase leading up here.
Sigmund, a dart slug and a giant cockroach come into view.
Found 13 gold pieces.
Unknown command.
There is a stone staircase leading up here.
Aim: a giant cockroach (68% to hit)
The zap hits the giant cockroach.
Aim: a giant cockroach (severely wounded, 68% to hit)
The zap hits the giant cockroach.
You kill the giant cockroach!
The zap hits the dart slug.
Aim: a dart slug (lightly wounded, 100% to hit)
The zap hits the dart slug.
The dart slug launches a dart at you. The slug dart hits you.
Aim: a dart slug (severely wounded, 100% to hit)
The zap hits the dart slug.
You kill the dart slug!
You climb upwards.
There is a stone staircase leading down here.
There is a stone staircase leading down here.
You start resting.
You climb downwards.
Level annotation: Sigmund
There is a stone staircase leading up here.
Found a stone staircase leading down.
Found a ring mail.
A kobold comes into view. It is wielding a +0 dagger.
Aim: a kobold, wielding a +0 dagger (asleep, 100% to hit)
The zap hits the kobold.
Aim: a kobold, wielding a +0 dagger (severely wounded, 60% to hit)
The zap misses the kobold.
Aim: a kobold, wielding a +0 dagger (severely wounded, 60% to hit)
The zap hits the kobold.
You kill the kobold!
You have reached level 3!
Your experience leads to an increase in your attributes!
Increase (S)trength, (I)ntelligence, or (D)exterity?
You feel clever. x2
You see here a +0 ring mail.
A rat comes into view.
A rat is nearby!
A rat is nearby!
A rat is nearby!
Aim: a rat (wandering, hasn't noticed you, 71% to hit)
The zap hits the rat.
You kill the rat!
Could not explore, unopened door.
Could not explore, unopened door.
You open the door.
There is an open door here.
Found 25 arrows.
Found 19 bolts.
d - a scroll labelled HOASAODUZO You see here 19 bolts.
Found a stone staircase leading down.
Could not explore, unopened door.
Could not explore, unopened door.
You open the door.
There is a stone staircase leading up, spattered with blood here.
Sigmund is nearby!
Sigmund is nearby!
Sigmund drinks a potion.
Sigmund seems to grow stronger.
The zap hits Sigmund. x2
Sigmund hits you from afar with a +0 scythe!
Ouch! That really hurt!
* * * LOW HITPOINT WARNING * * *
Sigmund casts a spell at you.
You are confused.
You bump into the rock wall.
Sigmund points at you and mumbles some strange words.
The magic dart hits you.
You die...

### ..#### ########
#######...... #....... #
$.#....... #.######
#.#.#.#... #.#
#.#.#.#.#.#.#+###+##.#####
.........<..............>#
..#.#.#@###.#.######.###.#
# #...@.#.######.# #.#
....................# #.#
##.#..........#####.###.#
#######....# #..##.##
#....#####.......
#######....##..........
#....##....##.####.#.##
#....##....##.####.#...
#....##....##.#.....[##


You could see Sigmund (strong).

Vanquished Creatures
  2 dart slugs
  A ball python (D:1)
  3 bats (D:1)
  An endoplasm (D:1)
  2 giant cockroaches
  2 goblins (D:1)
  2 hobgoblins (D:1)
  3 kobolds
  2 rats
18 creatures vanquished.

Notes
Turn   | Place    | Note
-------+----------+-------------------------------------------
     0 | D:1      | CryoSword the Tengu Air Elementalist began the quest for
                  | the Orb.
     0 | D:1      | Reached XP level 1. HP: 10/10 MP: 4/4
    98 | D:1      | Found a faded altar of an unknown god.
   113 | D:1      | Reached XP level 2. HP: 15/15 MP: 1/6
   438 | D:1      | Learned a level 2 spell: Static Discharge
   658 | D:2      | Noticed Sigmund
   784 | D:2      | Reached XP level 3. HP: 19/19 MP: 3/7
   934 | D:2      | Killed from afar by Sigmund

Illustrated notes

Levels and vault maps discovered:
D:1:      ebering_hopf_link, layout_rooms, dreamdust_ecumenical_altar_grove
D:2:      layout_basic, uniq_sigmund

Skill      XL: |  1 |
---------------+----+-----
Conjurations   | 2 |  2.8
Dodging        | |  2.1
Stealth        | |  2.0
Spellcasting   | |  2.0
Air Magic      | |  4.8

Action                   || total
-------------------------++-------
 Cast: Shock             ||    29
Armor: Robe              ||     1
